 Dungeon Crawl Stone Soup version 0.29-a0-322-g68df515428 (webtiles) character file.

Game seed: 9267052083040872516

21 snetch the Chopper (level 2, -1/40 HPs)
             Began as a Minotaur Berserker on Apr 7, 2022.
             Was a Follower of Trog.
             Slain by an orc wizard
             ... wielding a +0 dagger
              (4 damage)
             ... on level 3 of the Dungeon.
             The game lasted 00:01:08 (352 turns).

snetch the Chopper (Minotaur Berserker)              Turns: 352, Time: 00:01:09

Health: -1/40      AC:  2    Str: 21    XL:     2   Next: 62%
Magic:  10/10      EV: 12    Int:  4    God:    Trog [*.....]
Gold:   7          SH:  0    Dex:  9    Spells: 1/1 levels left

rFire   . . .      SeeInvis .   a - +0 hand axe
rCold   . . .      Faith    .   (no shield)
rNeg    . . .      Spirit   .   b - +0 animal skin
rPois   .          Reflect  .   (helmet restricted)
rElec   .          Harm     .   (no cloak)
rCorr   .          Rampage  .   (no gloves)
Will    .....                   (no boots)
Stlth   ..........              (no amulet)
HPRegen 0.13/turn               e - ring of magical power
MPRegen 0.12/turn               (no ring)

@: berserking (expiring), very quick
A: horns 2, retaliatory headbutt
a: Renounce Religion, Berserk


You were on level 3 of the Dungeon.
You worshipped Trog.
Trog was aware of your devotion.
You visited 1 branch of the dungeon, and saw 3 of its levels.

You collected 7 gold pieces.

Inventory:

Hand Weapons
 a - a +0 hand axe (weapon)
Armour
 b - a +0 animal skin (worn)
 g - a +0 ring mail
Jewellery
 e - a ring of magical power (left hand)
 f - a ring of willpower
Wands
 j - a wand of iceblast (5)
Scrolls
 d - a scroll of summoning {unknown}
 i - a scroll of identify {unknown}
 k - a scroll of fog {unknown}
Potions
 c - a potion of degeneration {unknown}
 h - a potion of flight {unknown}


   Skills:
 + Level 4.1 Fighting
 + Level 4.1 Axes
 + Level 2.5 Armour
 + Level 2.4 Dodging


You had one spell level left.
You didn't know any spells.
Your spell library was empty.

Dungeon Overview and Level Annotations

Branches:
Dungeon (3/15)

Altars:


Innate Abilities, Weirdness & Mutations

You have a pair of horns on your head.
You reflexively headbutt those who attack you in melee.


Message History

You hit the bat.
You kill the bat!
Trog accepts your kill.
An orc comes into view. It is wielding a +0 whip.
The orc wizard gestures wildly while chanting.
The orc wizard flickers and vanishes!
Deactivating autopickup; reactivate with Ctrl-A.
You slash the orc!
You kill the orc!
Trog accepts your kill.
Things that are here:
a +0 hand axe; an orc corpse You closely miss the orc.
You headbutt the orc!
You kill the orc!
Trog accepts your kill.
You closely miss something. Something hits you.
You barely miss the orc. You miss something. The orc hits you with a +0 whip.
Something hits you.
* * * LOW HITPOINT WARNING * * *
You hit the orc. You headbutt the orc.
You kill the orc!
Trog accepts your kill.
You miss something. Something hits you.
* * * LOW HITPOINT WARNING * * *
Unknown command.
A red film seems to cover your vision as you go berserk!
You feel yourself moving faster!
You feel mighty! Something hits you.
* * * LOW HITPOINT WARNING * * *
You feel a strong urge to attack something.
Something hits you but does no damage.
Things that are here:
a +0 hand axe; an orc corpse You miss something.
You hear the rusting of a very distant drain.
Something hits you.
* * * LOW HITPOINT WARNING * * *
You completely miss something.
You feel your anger nearly subside. Something hits you.
You die...

..†............
.......>.....###≈###
...).........#.#≈#.#
..##.##....###.#≈#.###
..#####........#≈#...
..# ####.###.#≈#.# ..#
#...#.#≈#. .# ..#
#...###≈###..## ..#
#....†.@.)..!.# .##
#.####.#.#.##.# . ....
#.#.# # ###.. .....
##. ###.### #$. #.#.
#.#.


There were no monsters in sight!

Vanquished Creatures
  An adder (D:2)
  3 orcs (D:3)
  An endoplasm (D:3)
  A hobgoblin (D:3)
  A ball python (D:3)
  A bat (D:3)
  A frilled lizard (D:3)
  A kobold (D:3)
10 creatures vanquished.

Notes
Turn   | Place    | Note
-------+----------+-------------------------------------------
     0 | D:1      | snetch the Minotaur Berserker began the quest for the Orb.
     0 | D:1      | Reached XP level 1. HP: 19/19 MP: 0/0
    73 | D:2      | Reached XP level 2. HP: 26/27 MP: 1/1
   352 | D:3      | Slain by an orc wizard

Illustrated notes

Levels and vault maps discovered:
D:1:      saegor_arrival_simple_d, layout_loops_ring, serial_shops, shop,
          ebering_ecumenical_altar_ruins, minmay_close_crescents
D:2:      layout_basic, serial_shops, nicolae_square_shop, uniq_jessica
D:3:      layout_loops_cross, mainiacjoe_overflow_cross_hatched,
          portal_sewer_entry_e, grunt_decor_cap, minivault_23

Skill      XL: |  1  2 |
---------------+-------+-----
Fighting       | 4 |  4.1
Axes           | 4 |  4.1
Armour         | |  2.5
Dodging        | |  2.4

Action                   || total
-------------------------++-------
Melee: Hand axe          ||    21
       Headbutt          ||     5
Invok: Berserk           ||     1
Armor: Animal skin       ||     5
Dodge: Dodged            ||    10

Table legend: (Time is in decaauts)
 A = Elapsed time spent in this place.
 B = Non-inter-level travel time spent in this place.
 C = Inter-level travel time spent in this place.
 D = Time resting spent in this place.
 E = Time spent auto-exploring this place.
 F = Levels seen in this place.
 G = Mean time per level.
                   A        B        C        D        E       F      G
               +--------+--------+--------+--------+--------+-----+--------+
         Total |    353 |    353 |      0 |      0 |    209 |   3 |  117.7 |
       Dungeon |    353 |    353 |      0 |      0 |    209 |   3 |  117.7 |
               +--------+--------+--------+--------+--------+-----+--------+

Top non-repeatable levels by time:
     D:3: 254 daAuts
     D:2: 80 daAuts
     D:1: 18 daAuts
